 Dungeon Crawl Stone Soup version 0.31-a0-152-g6aa68a64a1 (webtiles) character file.

Game seed: 14832246195340250938

84931 qw the Severer (level 15, -6/98 HPs)
             Began as a Gargoyle Fighter on June 10, 2023.
             Was an Elder of Okawaru.
             Killed from afar by Azrael (63 damage)
             ... with a fireball
             ... on level 15 of the Dungeon.
             The game lasted 00:11:45 (20590 turns).

qw the Severer (Gargoyle Fighter)                  Turns: 20590, Time: 00:11:46

Health: -6/98      AC: 52    Str: 32    XL:     15   Next: 82%
Magic:  20/22      EV: 15    Int:  6    God:    Okawaru [****..]
Gold:   1891       SH: 15    Dex: 17    Spells: 14/14 levels left

rFire   x . .        k - +6 war axe "Caxaerome" {drain, rElec rCorr}
rCold   + + .        p - +0 kite shield
rNeg    + . .        y - +12 chain mail of Busk {rElec rF- Dex+8 Stlth-}
rPois   inf          g - +2 helmet
rElec   +            u - +1 cloak
rCorr   +            w - +2 pair of gloves
SInv    .            E - +0 pair of boots of Trial and Error {rElec rC++ Int-4 Stlth+}
Will    +....        c - amulet of faith Stlth
                     C - +6 ring of strength
HPRegen 0.36/turn    j - +4 ring of protection
MPRegen 0.18/turn

%: faith
@: heroic, flying
A: sickness immunity, AC +11, big wings, negative energy resistance 1,
electricity resistance, torment resistance 1, petrification resistance
a: Renounce Religion, Heroism, Finesse


You were on level 15 of the Dungeon.
You worshipped Okawaru.
Okawaru was greatly pleased with you.
You visited 3 branches of the dungeon, and saw 21 of its levels.

You collected 2295 gold pieces.
You spent 404 gold pieces at shops.


Innate Abilities, Weirdness & Mutations

You are immune to sickness and miasma.
Your stone body is resilient. (AC +11)
You are immune to poison.
Your large and strong wings let you fly.
You resist negative energy. (rN+)
You are resistant to electric shocks. (rElec)
You are resistant to unholy torment.
You are immune to petrification.


   Skills:
 - Level 13.0(18.0) Fighting
 - Level 16.0(21.0) Axes
 - Level 5.0(10.0) Throwing
 + Level 10.1(15.1) Armour
 - Level 5.0(10.0) Dodging
 - Level 13.0(18.0) Shields
 - Level 10.0 Invocations


You had 14 spell levels left.
You didn't know any spells.
Your spell library was empty.

Inventory:

Hand Weapons
 k - the +6 war axe "Caxaerome" (weapon) {drain, rElec rCorr}
   (You acquired it on level 4 of the Dungeon)

   rElec:     It insulates you from electricity.
   rCorr:     It protects you from acid and corrosion.
 l - a +4 war axe
 m - a +0 morningstar
Missiles
 o - 5 boomerangs
 v - 19 javelins (quivered)
 A - 4 silver boomerangs
Armour
 g - a +2 helmet (worn)
 p - a +0 kite shield (worn)
 t - the +2 pair of boots "Lerilut" {rCorr Str+2 Int-3}
   (You found it on level 7 of the Dungeon)

   Str:       It affects your strength (+2).
   Int:       It affects your intelligence (-3).
   rCorr:     It protects you from acid and corrosion.
 u - a +1 cloak (worn)
 w - a +2 pair of gloves (worn)
 y - the +12 chain mail of Busk (worn) {rElec rF- Dex+8 Stlth-}
   (Okawaru gifted it to you on level 1 of the Lair of Beasts)

   Dex:       It affects your dexterity (+8).
   rF:        It makes you vulnerable to fire.
   rElec:     It insulates you from electricity.
   Stlth:     It makes you less stealthy.
 E - the +0 pair of boots of Trial and Error (worn) {rElec rC++ Int-4 Stlth+}
   (Okawaru gifted it to you on level 11 of the Dungeon)

   Int:       It affects your intelligence (-4).
   rC:        It greatly protects you from cold.
   rElec:     It insulates you from electricity.
   Stlth:     It makes you more stealthy.
Jewellery
 c - an amulet of faith (around neck)
 j - a +4 ring of protection (right hand)
 x - an amulet of regeneration
 z - a ring of protection from cold
 C - a +6 ring of strength (left hand)
 G - a ring of ice
Wands
 e - a wand of digging (8)
Scrolls
 a - 10 scrolls of identify
 f - 3 scrolls of enchant weapon
 r - 3 scrolls of brand weapon
 s - 4 scrolls of teleportation
Potions
 b - 4 potions of curing
 d - 3 potions of might
 h - 3 potions of attraction
 i - a potion of resistance
 n - 3 potions of magic
 q - 4 potions of heal wounds
 B - a potion of mutation
 D - 3 potions of haste

Dungeon Overview and Level Annotations

Branches:
Dungeon (15/15)            Temple (1/1) D:5            Lair (5/5) D:9
 Shoals (0/4) Lair:2        Snake (0/4) Lair:3        Slime (0/5) Lair:5
    Orc (0/2) D:11         Vaults (0/5) D:14
 Depths: D:15

Altars:
Ashenzari
Cheibriados
Dithmenos
Elyvilon
Fedhas
Gozag
Hepliaklqana
Kikubaaqudgha
Makhleb
Nemelex Xobeh
Okawaru
Qazlal
Ru
Sif Muna
Trog
Uskayaw
Vehumet
Wu Jian
Xom
Yredelemnul
Zin
The Shining One

Shops:
D:1 !   D:6 ?!   D:9 :

Annotations:
D:6 3 runed translucent doors, qw's ghost, novice MiHu
D:12 2 transporters, 3 runed translucent doors, Anyutwal's ghost, journeyman HOFi
D:15 Azrael


Message History

The hell hound is almost dead.
You block the hell hound's attack.
You closely miss the hell hound.
The hell hound is almost dead.
You completely miss the hell hound.
The hell hound is almost dead.
You block the hell hound's attack.
You hit the hell hound.
You kill the hell hound!
Okawaru accepts your kill.
You start resting.
You feel like a meek peon again.
Magic restored.
You start resting.
Your hands slow down.
HP restored.
Done exploring.
(D) Dungeon (T) Temple (L) Lair (A) Shoals (P) Snake Pit (M) Slime Pits (O) Orcish Mines (V) Vaults
Where to? (* - list waypoints, Enter - D:15, ? - help)
What level of the Dungeon? (default 1, ? - help)
You fly downwards.
Level annotation: Azrael You block the fire elemental's attack.
Azrael gestures at you. The sticky flame misses you.
The fire elemental hits you. The fire elemental burns you!
The fire burns you terribly!
There is a stone staircase leading up here.
20589 ||| INVOKING Heroism.
You gain the combat prowess of a mighty hero.
The hell hound breathes flames at you. The blast of flame hits you!!
The fire burns you terribly! Azrael hits you but does no damage.
You block the fire elemental's attack.
You slice Azrael!!
Azrael is lightly wounded.
You barely miss the fire elemental. Azrael gestures at you.
The fireball explodes!
The fireball engulfs you!!! The fire burns you terribly!
Ouch! That really hurt!
You die...

##### .... ...
#.. #..
#..########
#####..R.......
.......@%h.....
........E......
############..#
#


You could see Azrael, a fire elemental and a hell hound (catching breath).

Vanquished Creatures
  Nessos (D:13)
  Snorg (D:13)
  A fire dragon (Lair:5)
  Josephine (D:14)
  Fannar (D:12)
  5 hydras
  An ogre mage (D:14)
  2 catoblepae
  4 centaur warriors
  7 two-headed ogres
  A death knight (D:14)
  4 boulder beetles
  A tengu warrior (D:10)
  5 death yaks (Lair:1)
  Urug (D:13)
  Lodul (D:14)
  A deep elf archer (D:14)
  A wolf spider zombie (D:14)
  A lindwurm (Lair:2)
  An orc knight (D:14)
  2 oklob plants (Lair:5)
  Pikel (D:4)
  4 deep elf pyromancers
  2 ugly things (D:12)
  2 deep elf zephyrmancers
  5 manticores
  2 cyclopes
  A centaur zombie (D:14)
  15 elephants
  6 black mambas
  2 molten gargoyles (Lair:3)
  15 cane toads
  14 rime drakes
  An unseen horror (D:13)
  6 komodo dragons
  3 polar bears
  3 meliai (D:14)
  9 hornets
  6 trolls
  Grinder (D:5)
  Prince Ribbit (D:6)
  13 blink frogs
  A dream sheep (Lair:5)
  Sigmund (D:1)
  9 slime creatures (D:14)
  A shadow (D:12)
  2 vampires (D:14)
  9 wraiths
  45 yaks
  3 fire elementals (D:15)
  14 spriggans
  3 wyverns
  Eustachio (D:5)
  2 basilisks
  12 steam dragons
  Menkaure (D:8)
  4 vampire mosquitoes (D:12)
  3 acid dragons
  3 hell hounds
  13 water moccasins
  4 ice beasts
  5 orc warriors
  A sky beast (D:7)
  10 black bears
  5 boggarts (Lair:5)
  36 wolves
  13 ogres
  2 phantoms (D:5)
  16 centaurs
  12 bullfrogs
  Blork the orc (D:5)
  A scorpion (D:5)
  3 gnoll sergeants
  10 wights
  25 killer bees
  An electric eel (D:9)
  6 howler monkeys
  3 hounds
  2 jellies
  5 lava snakes (Lair:3)
  A gnoll bouda (D:8)
  5 orc priests
  A sleepcap (D:8)
  3 iguanas
  7 orc wizards
  15 gnolls
  14 adders
  A shadow imp (D:6)
  An ufetubus (D:5)
  A worm (D:5)
  3 dart slugs
  35 orcs
  4 ball pythons
  11 endoplasms
  7 giant cockroaches
  3 goblins
  3 hobgoblins
  6 jackals
  A quokka (D:2)
  6 bats
  2 frilled lizards (D:2)
  10 kobolds
  11 rats
  A butterfly (Lair:2)
595 creatures vanquished.

Vanquished Creatures (others)
  A vampire (D:13)
1 creature vanquished.

Grand Total: 596 creatures vanquished

Notes
Turn   | Place    | Note
-------+----------+-------------------------------------------
     0 | D:1      | qw the Gargoyle Fighter began the quest for the Orb.
     0 | D:1      | Reached XP level 1. HP: 14/14 MP: 1/1
     0 | D:1      | 0 ||| qw: Version: 0.2-a-29-gd901d54
     0 | D:1      | 0 ||| qw: Game counter: 3952
     0 | D:1      | 0 ||| qw: Always use a shield: true
     0 | D:1      | 0 ||| qw: God list: Okawaru
     0 | D:1      | 0 ||| qw: Allow faded altars: false
     0 | D:1      | 0 ||| qw: Do Orc after D:15 true
     0 | D:1      | 0 ||| qw: Do second Lair branch before Depths: true
     0 | D:1      | 0 ||| qw: Lair rune preference: random
     0 | D:1      | 0 ||| qw: Plans: Normal, Zot:1-4, Slime:5, God:TSO, Crypt,
                  | Tomb, Abyss, Pan, Hells, Win
     0 | D:1      | 0 ||| PLANNING D:1-11
   114 | D:1      | Reached skill level 2 in Axes
   137 | D:1      | Reached XP level 2. HP: 11/19 MP: 2/2
   222 | D:1      | Found Reyphuud's Distillery.
   228 | D:1      | 228 ||| SHOPLISTING 2 potions of heal wounds (140 gold,
                  | have 16).
   228 | D:1      | 228 ||| SHOPLISTING potion of curing (42 gold, have 16).
   228 | D:1      | 228 ||| SHOPLISTING potion of haste (140 gold, have 16).
   228 | D:1      | 228 ||| SHOPLISTING potion of might (56 gold, have 16).
   361 | D:1      | 361 ||| DROPPING +0 whip.
   654 | D:1      | Reached skill level 3 in Axes
   781 | D:1      | Reached XP level 3. HP: 23/23 MP: 3/3
   830 | D:1      | 830 ||| DROPPING amulet of magic regeneration.
   831 | D:1      | 831 ||| READING 2 scrolls labelled REUPUO MOSOHOM.
   832 | D:1      | 832 ||| READING 3 scrolls labelled TECVIT XUWAIZ.
   836 | D:1      | 836 ||| DRINKING 2 fizzy inky potions.
   850 | D:2      | Noticed Sigmund
   852 | D:2      | 852 ||| STAIRDANCE
   859 | D:1      | HP: 1/23 [Sigmund/puff of flame (9)]
   860 | D:1      | 860 ||| READING 2 scrolls of teleportation.
   862 | D:1      | Killed Sigmund
   863 | D:1      | Reached skill level 5 in Axes
   863 | D:1      | Reached XP level 4. HP: 2/28 MP: 4/4
   863 | D:1      | Reached XP level 5. HP: 3/32 MP: 5/5
  1012 | D:2      | 1012 ||| Stepping ~*~*~tactically~*~*~ (stealth).
  1013 | D:2      | 1013 ||| DROPPING +0 mace.
  1014 | D:2      | 1014 ||| Stepping ~*~*~tactically~*~*~ (stealth).
  1016 | D:2      | 1016 ||| Stepping ~*~*~tactically~*~*~ (hiding).
  1027 | D:2      | 1027 ||| Stepping ~*~*~tactically~*~*~ (stealth).
  1029 | D:2      | 1029 ||| Stepping ~*~*~tactically~*~*~ (stealth).
  1126 | D:2      | 1126 ||| Stepping ~*~*~tactically~*~*~ (hiding).
  1131 | D:2      | Reached XP level 6. HP: 37/38 MP: 6/6
  1162 | D:2      | 1162 ||| FLEEEEING.
  1163 | D:2      | 1163 ||| FLEEEEING.
  1164 | D:2      | 1164 ||| FLEEEEING.
  1165 | D:2      | 1165 ||| FLEEEEING.
  1166 | D:2      | 1166 ||| FLEEEEING.
  1167 | D:2      | 1167 ||| STAIRDANCE
  1191 | D:1      | 1191 ||| UPGRADING to +0 plate armour.
  1201 | D:1      | 1201 ||| DROPPING +0 scale mail.
  1202 | D:1      | 1202 ||| READING scroll labelled GIECUGRABLI.
  1432 | D:2      | 1432 ||| UPGRADING to ring of protection from cold.
  1433 | D:2      | 1433 ||| READING scroll labelled TECHATHEPH.
  1434 | D:2      | 1434 ||| DRINKING 2 fuming cyan potions.
  1787 | D:2      | 1787 ||| READING scroll labelled POCUITTIPTU.
  1788 | D:2      | 1788 ||| READING scroll labelled ONAKHL MERUM.
  2214 | D:3      | Identified the +0 ring mail "Duil" {Rampage Drain SInv}
  2257 | D:3      | 2257 ||| Stepping ~*~*~tactically~*~*~ (hiding).
  2463 | D:3      | Found a faded altar of an unknown god.
  2804 | D:3      | 2804 ||| UPGRADING to +0 pair of gloves.
  2809 | D:3      | 2809 ||| READING scroll labelled PAUMABB WACUBE.
  2810 | D:3      | 2810 ||| READING scroll labelled DUELLE SUAWICET.
  2811 | D:3      | 2811 ||| READING scroll labelled HEV SEPIZXURE.
  2812 | D:3      | 2812 ||| READING 2 scrolls of identify.
  2812 | D:3      | 2812 ||| IDENTIFYING murky emerald potion
  2813 | D:3      | 2813 ||| DROPPING potion of enlightenment.
  2942 | D:4      | Noticed a black bear
  2954 | D:4      | Killed a black bear
  2955 | D:4      | Reached skill level 6 in Axes
  2955 | D:4      | Reached XP level 7. HP: 35/43 MP: 7/7
  3130 | D:4      | 3130 ||| Stepping ~*~*~tactically~*~*~ (stealth).
  3182 | D:4      | 3182 ||| Stepping ~*~*~tactically~*~*~ (hiding).
  3402 | D:4      | 3402 ||| Stepping ~*~*~tactically~*~*~ (stealth).
  3459 | D:4      | Noticed Pikel
  3468 | D:4      | Killed Pikel
  3469 | D:4      | Reached skill level 7 in Axes
  3469 | D:4      | Reached XP level 8. HP: 43/48 MP: 8/8
  3769 | D:4      | 3769 ||| READING scroll labelled TYFRETHR JITAE.
  3769 | D:4      | Identified a scroll of acquirement
  3769 | D:4      | 3769 ||| ACQUIRING +6 war axe "Caxaerome" {drain, rElec
                  | rCorr}
  3769 | D:4      | Acquired the +6 war axe "Caxaerome" {drain, rElec rCorr}
  3771 | D:4      | 3771 ||| SWAPPING to +6 war axe "Caxaerome" {drain, rElec
                  | rCorr}.
  3794 | D:5      | Entered Level 5 of the Dungeon
  3802 | D:5      | Noticed Eustachio
  3802 | D:5      | Noticed Blork the orc
  3803 | D:5      | 3803 ||| Stepping ~*~*~tactically~*~*~ (hiding).
  3804 | D:5      | 3804 ||| Stepping ~*~*~tactically~*~*~ (hiding).
  3811 | D:5      | Noticed Grinder
  3822 | D:5      | Killed Blork the orc
  3823 | D:5      | Reached skill level 1 in Dodging
  3829 | D:5      | HP: 11/49 [Grinder/nerve-wracking pain (4)]
  3830 | D:5      | 3830 ||| READING scroll of teleportation.
  3991 | D:5      | Reached skill level 8 in Axes
  4006 | D:5      | Reached skill level 6 in Fighting
  4078 | D:5      | Noticed a wraith
  4084 | D:5      | Killed a wraith
  4085 | D:5      | Reached XP level 9. HP: 52/55 MP: 9/9
  4131 | D:5      | 4131 ||| DROPPING +0 flail.
  4138 | D:5      | 4138 ||| Stepping ~*~*~tactically~*~*~ (stealth).
  4140 | D:5      | 4140 ||| Stepping ~*~*~tactically~*~*~ (stealth).
  4142 | D:5      | 4142 ||| Stepping ~*~*~tactically~*~*~ (hiding).
  4150 | D:5      | Paralysed by Grinder for 2 turns
  4155 | D:5      | Killed Grinder
  4302 | D:5      | 4302 ||| Stepping ~*~*~tactically~*~*~ (hiding).
  4306 | D:5      | 4306 ||| Stepping ~*~*~tactically~*~*~ (hiding).
  4310 | D:5      | 4310 ||| Stepping ~*~*~tactically~*~*~ (stealth).
  4393 | D:5      | Found a staircase to the Ecumenical Temple.
  4394 | D:5      | 4394 ||| PLANNING TEMPLE
  4394 | D:5      | 4394 ||| READING scroll labelled WEIXE KIOF.
  4400 | Temple   | Entered the Ecumenical Temple
  4400 | Temple   | Found a transporter.
  4400 | Temple   | Found a transporter.
  4402 | Temple   | Found a transporter.
  4402 | Temple   | Found a transporter.
  4412 | Temple   | 4412 ||| PLANNING D:1-11
  4427 | Temple   | 4427 ||| PLANNING OKAWARU WORSHIP
  4430 | Temple   | Became a worshipper of Warmaster Okawaru
  4430 | Temple   | 4430 ||| PLANNING D:1-11
  4473 | D:5      | Found a sparkling altar of Nemelex Xobeh.
  4529 | D:5      | Found a burning altar of Makhleb.
  4538 | D:5      | 4538 ||| READING scroll labelled YPUGECK GOKE.
  4547 | D:5      | Reached skill level 1 in Throwing
  4697 | D:5      | Found a shadowy altar of Dithmenos.
  4804 | D:5      | 4804 ||| FLEEEEING.
  4830 | D:5      | Killed Eustachio
  4831 | D:5      | Reached skill level 9 in Axes
  5072 | D:5      | 5072 ||| UPGRADING to +0 kite shield.
  5082 | D:5      | 5082 ||| DROPPING +0 buckler.
  5090 | D:6      | Found a runed translucent gate.
  5090 | D:6      | Found a runed translucent gate.
  5090 | D:6      | Found a runed translucent gate.
  5092 | D:6      | Noticed qw's ghost (novice MiHu)
  5124 | D:6      | 5124 ||| Stepping ~*~*~tactically~*~*~ (stealth).
  5133 | D:6      | 5133 ||| Stepping ~*~*~tactically~*~*~ (stealth).
  5220 | D:6      | Found Zafycvo's Distillery.
  5236 | D:6      | 5236 ||| BUYING potion of heal wounds (60 gold).
  5236 | D:6      | Bought a potion of heal wounds for 60 gold pieces
  5236 | D:6      | 5236 ||| BUYING potion of heal wounds (60 gold).
  5236 | D:6      | Bought a potion of heal wounds for 60 gold pieces
  5236 | D:6      | 5236 ||| BUYING potion of might (48 gold).
  5236 | D:6      | Bought a potion of might for 48 gold pieces
  5265 | D:6      | Found Kifeuhis's Magic Scroll Shop.
  5268 | D:6      | 5268 ||| BUYING scroll of brand weapon (104 gold).
  5268 | D:6      | Bought a scroll of brand weapon for 104 gold pieces
  5268 | D:6      | 5268 ||| BUYING scroll of identify (22 gold).
  5268 | D:6      | Bought a scroll of identify for 22 gold pieces
  5268 | D:6      | 5268 ||| BUYING scroll of identify (22 gold).
  5268 | D:6      | Bought a scroll of identify for 22 gold pieces
  5268 | D:6      | 5268 ||| BUYING scroll of identify (22 gold).
  5268 | D:6      | Bought a scroll of identify for 22 gold pieces
  5268 | D:6      | 5268 ||| BUYING scroll of teleportation (33 gold).
  5268 | D:6      | Bought a scroll of teleportation for 33 gold pieces
  5268 | D:6      | 5268 ||| BUYING scroll of teleportation (33 gold).
  5268 | D:6      | Bought a scroll of teleportation for 33 gold pieces
  5268 | D:6      | 5268 ||| SHOPLISTING scroll of teleportation (33 gold, have
                  | 32).
  5568 | D:6      | 5568 ||| UPGRADING to amulet of faith.
  5573 | D:6      | 5573 ||| READING 4 scrolls of identify.
  5573 | D:6      | 5573 ||| IDENTIFYING viscous emerald potion
  5574 | D:6      | 5574 ||| READING 3 scrolls of identify.
  5574 | D:6      | 5574 ||| IDENTIFYING sapphire potion
  5575 | D:6      | 5575 ||| DROPPING potion of degeneration.
  5607 | D:7      | Reached * piety under Okawaru
  5644 | D:7      | Found a broken altar of Ashenzari.
  5654 | D:7      | Noticed Menkaure
  5663 | D:7      | Reached skill level 1 in Invocations
  5696 | D:7      | Found an opulent altar of Gozag.
  5712 | D:7      | Identified the +3 rapier of Qoifop {elec, rPois Int+5}
  5759 | D:6      | Noticed Prince Ribbit
  5760 | D:6      | 5760 ||| INVOKING Heroism.
  5771 | D:6      | Killed Prince Ribbit
  5772 | D:6      | Reached skill level 6 in Shields
  5772 | D:6      | Reached skill level 3 in Invocations
  5812 | D:6      | 5812 ||| Stepping ~*~*~tactically~*~*~ (hiding).
  5824 | D:6      | 5824 ||| INVOKING Heroism.
  5825 | D:6      | Noticed a troll
  5826 | D:6      | 5826 ||| Stepping ~*~*~tactically~*~*~ (stealth).
  5831 | D:6      | Killed a troll
  5832 | D:6      | Reached XP level 10. HP: 54/60 MP: 9/13
  5835 | D:6      | Noticed a two-headed ogre
  5839 | D:6      | Noticed a manticore
  5840 | D:6      | Killed a two-headed ogre
  5840 | D:6      | Reached ** piety under Okawaru
  5844 | D:6      | Killed a manticore
  5849 | D:6      | Reached *** piety under Okawaru
  5857 | D:6      | 5857 ||| INVOKING Heroism.
  5860 | D:6      | Reached skill level 9 in Shields
  6050 | D:6      | 6050 ||| INVOKING Heroism.
  6054 | D:6      | Reached skill level 6 in Armour
  6083 | D:6      | 6083 ||| INVOKING Heroism.
  6163 | D:6      | 6163 ||| UPGRADING to +0 helmet.
  6168 | D:6      | 6168 ||| READING scroll labelled TIAFOY NING.
  6193 | D:7      | 6193 ||| Stepping ~*~*~tactically~*~*~ (stealth).
  6198 | D:7      | 6198 ||| Stepping ~*~*~tactically~*~*~ (hiding).
  6220 | D:7      | 6220 ||| FLEEEEING.
  6226 | D:7      | 6226 ||| STAIRDANCE
  6274 | D:7      | Identified the +2 pair of boots "Lerilut" {rCorr Str+2
                  | Int-3}
  6304 | D:7      | Found an ancient bone altar of Kikubaaqudgha.
  6484 | D:7      | Found a shimmering blue altar of Sif Muna.
  6536 | D:7      | Found a blossoming altar of Fedhas.
  6537 | D:7      | Found a glowing golden altar of the Shining One.
  6665 | D:7      | 6665 ||| UPGRADING to +2 pair of boots "Lerilut" {rCorr
                  | Str+2 Int-3}.
  6704 | D:8      | 6704 ||| INVOKING Heroism.
  6710 | D:8      | 6710 ||| Stepping ~*~*~tactically~*~*~ (cloud).
  6751 | D:8      | 6751 ||| Stepping ~*~*~tactically~*~*~ (stealth).
  6754 | D:8      | 6754 ||| Stepping ~*~*~tactically~*~*~ (hiding).
  6755 | D:8      | 6755 ||| Stepping ~*~*~tactically~*~*~ (hiding).
  6756 | D:8      | 6756 ||| Stepping ~*~*~tactically~*~*~ (hiding).
  6758 | D:8      | 6758 ||| Stepping ~*~*~tactically~*~*~ (hiding).
  6759 | D:8      | 6759 ||| INVOKING Heroism.
  6786 | D:8      | 6786 ||| Stepping ~*~*~tactically~*~*~ (hiding).
  6808 | D:8      | Noticed a two-headed ogre
  6809 | D:8      | 6809 ||| INVOKING Heroism.
  6811 | D:8      | Reached skill level 10 in Axes
  6819 | D:8      | Killed a two-headed ogre
  6819 | D:8      | Received a gift from Okawaru
  6872 | D:8      | 6872 ||| Stepping ~*~*~tactically~*~*~ (hiding).
  6873 | D:8      | 6873 ||| Stepping ~*~*~tactically~*~*~ (hiding).
  6874 | D:8      | 6874 ||| Stepping ~*~*~tactically~*~*~ (hiding).
  6877 | D:8      | 6877 ||| INVOKING Heroism.
  6882 | D:8      | Killed Menkaure
  6953 | D:8      | Reached XP level 11. HP: 67/67 MP: 14/14
  6962 | D:8      | 6962 ||| FLEEEEING.
  6965 | D:8      | 6965 ||| INVOKING Heroism.
  6994 | D:8      | Reached skill level 3 in Throwing
  7192 | D:8      | Noticed a two-headed ogre
  7193 | D:8      | 7193 ||| INVOKING Heroism.
  7201 | D:8      | Killed a two-headed ogre
  7201 | D:8      | Reached **** piety under Okawaru
  7203 | D:8      | Noticed a catoblepas
  7206 | D:8      | 7206 ||| INVOKING Heroism.
  7211 | D:8      | Killed a catoblepas
  7517 | D:8      | 7517 ||| INVOKING Heroism.
  8182 | D:8      | 8182 ||| UPGRADING to +0 cloak.
  8187 | D:8      | 8187 ||| UPGRADING to +2 pair of gloves.
  8197 | D:8      | 8197 ||| DROPPING +0 pair of gloves.
  8198 | D:8      | 8198 ||| READING scroll labelled WESSUPTU BIRU.
  8334 | D:9      | 8334 ||| DROPPING +0 war axe.
  8416 | D:9      | 8416 ||| INVOKING Heroism.
  8612 | D:9      | Found Zakuan's Self-Improvement Boutique.
  8614 | D:9      | 8614 ||| INVOKING Heroism.
  8622 | D:9      | Received a gift from Okawaru
  8871 | D:9      | 8871 ||| Stepping ~*~*~tactically~*~*~ (hiding).
  8873 | D:9      | 8873 ||| Stepping ~*~*~tactically~*~*~ (hiding).
  8874 | D:9      | 8874 ||| Stepping ~*~*~tactically~*~*~ (hiding).
  8875 | D:9      | 8875 ||| INVOKING Heroism.
  8887 | D:9      | Reached skill level 11 in Axes
  8965 | D:9      | Found a staircase to the Lair.
  9283 | D:9      | 9283 ||| PLANNING LAIR
  9283 | D:9      | 9283 ||| READING 2 scrolls of identify.
  9283 | D:9      | 9283 ||| IDENTIFYING blue potion
  9284 | D:9      | 9284 ||| DROPPING potion of berserk rage.
  9387 | Lair:1   | Entered Level 1 of the Lair of Beasts
  9438 | Lair:1   | Noticed a death yak
  9439 | Lair:1   | 9439 ||| INVOKING Heroism.
  9440 | Lair:1   | Noticed a death yak
  9442 | Lair:1   | Noticed a death yak
  9443 | Lair:1   | 9443 ||| Stepping ~*~*~tactically~*~*~ (stealth).
  9453 | Lair:1   | Killed a death yak
  9453 | Lair:1   | Noticed a death yak
  9454 | Lair:1   | Reached skill level 6 in Invocations
  9458 | Lair:1   | Noticed a death yak
  9464 | Lair:1   | Killed a death yak
  9464 | Lair:1   | Reached ***** piety under Okawaru
  9465 | Lair:1   | 9465 ||| INVOKING Finesse.
  9467 | Lair:1   | Killed a death yak
  9468 | Lair:1   | 9468 ||| INVOKING Heroism.
  9471 | Lair:1   | Killed a death yak
  9472 | Lair:1   | Reached XP level 12. HP: 46/75 MP: 8/17
  9475 | Lair:1   | Killed a death yak
  9475 | Lair:1   | Received a gift from Okawaru
  9587 | Lair:1   | 9587 ||| INVOKING Heroism.
  9671 | Lair:1   | Identified the +12 chain mail of Busk {rElec rF- Dex+8
                  | Stlth-} (Okawaru gifted it to you on level 1 of the Lair of
                  | Beasts)
  9671 | Lair:1   | Received a gift from Okawaru
  9752 | Lair:1   | 9752 ||| Stepping ~*~*~tactically~*~*~ (stealth).
  9756 | Lair:1   | Reached skill level 9 in Fighting
  9901 | Lair:1   | 9901 ||| INVOKING Heroism.
 10068 | Lair:1   | 10068 ||| INVOKING Heroism.
 10074 | Lair:1   | Reached skill level 9 in Armour
 10074 | Lair:1   | Reached skill level 9 in Invocations
 10512 | Lair:1   | 10512 ||| UPGRADING to +12 chain mail of Busk {rElec rF-
                  | Dex+8 Stlth-}.
 10522 | Lair:1   | 10522 ||| DROPPING +0 plate armour.
 10523 | Lair:1   | 10523 ||| UPGRADING to ring of ice.
 10679 | Lair:2   | 10679 ||| Stepping ~*~*~tactically~*~*~ (hiding).
 10681 | Lair:2   | 10681 ||| INVOKING Heroism.
 10765 | Lair:2   | 10765 ||| Stepping ~*~*~tactically~*~*~ (stealth).
 10766 | Lair:2   | 10766 ||| INVOKING Heroism.
 10768 | Lair:2   | 10768 ||| Stepping ~*~*~tactically~*~*~ (stealth).
 10769 | Lair:2   | 10769 ||| Stepping ~*~*~tactically~*~*~ (stealth).
 10789 | Lair:2   | Reached skill level 3 in Dodging
 10812 | Lair:2   | 10812 ||| Stepping ~*~*~tactically~*~*~ (stealth).
 10813 | Lair:2   | 10813 ||| Stepping ~*~*~tactically~*~*~ (stealth).
 10823 | Lair:2   | 10823 ||| Stepping ~*~*~tactically~*~*~ (stealth).
 10824 | Lair:2   | 10824 ||| Stepping ~*~*~tactically~*~*~ (stealth).
 10836 | Lair:2   | Noticed a catoblepas
 10837 | Lair:2   | 10837 ||| INVOKING Heroism.
 10838 | Lair:2   | 10838 ||| INVOKING Finesse.
 10845 | Lair:2   | Received a gift from Okawaru
 10853 | Lair:2   | Killed a catoblepas
 10859 | Lair:2   | 10859 ||| Stepping ~*~*~tactically~*~*~ (stealth).
 10860 | Lair:2   | 10860 ||| Stepping ~*~*~tactically~*~*~ (stealth).
 10881 | Lair:2   | Identified the +1 robe of Ehalykh {+Blink Dex+2 Slay-3}
                  | (Okawaru gifted it to you on level 2 of the Lair of Beasts)
 10881 | Lair:2   | Received a gift from Okawaru
 10882 | Lair:2   | Reached XP level 13. HP: 80/80 MP: 17/20
 10890 | Lair:2   | Reached skill level 12 in Axes
 10916 | Lair:2   | 10916 ||| Stepping ~*~*~tactically~*~*~ (hiding).
 10917 | Lair:2   | 10917 ||| Stepping ~*~*~tactically~*~*~ (hiding).
 10921 | Lair:2   | 10921 ||| Stepping ~*~*~tactically~*~*~ (hiding).
 11043 | Lair:2   | Found a staircase to the Shoals.
 11160 | Lair:2   | 11160 ||| READING scroll of enchant armour.
 11160 | Lair:2   | 11160 ||| ENCHANTING +0 helmet.
 11166 | Lair:2   | 11166 ||| Stepping ~*~*~tactically~*~*~ (stealth).
 11176 | Lair:2   | 11176 ||| INVOKING Heroism.
 11514 | Lair:2   | 11514 ||| UPGRADING to +4 ring of protection.
 11516 | Lair:2   | 11516 ||| READING 5 scrolls of identify.
 11516 | Lair:2   | 11516 ||| IDENTIFYING black potion
 11517 | Lair:2   | 11517 ||| DROPPING potion of brilliance.
 11568 | Lair:3   | 11568 ||| FLEEEEING.
 11569 | Lair:3   | 11569 ||| FLEEEEING.
 11626 | Lair:3   | 11626 ||| INVOKING Heroism.
 11754 | Lair:3   | 11754 ||| INVOKING Heroism.
 11976 | Lair:3   | 11976 ||| INVOKING Heroism.
 12039 | Lair:3   | Found a staircase to the Snake Pit.
 12078 | Lair:3   | 12078 ||| INVOKING Heroism.
 12079 | Lair:3   | 12079 ||| INVOKING Finesse.
 12083 | Lair:3   | 12083 ||| SWAPPING to +0 morningstar.
 12096 | Lair:3   | 12096 ||| SWAPPING to +6 war axe "Caxaerome" {drain, rElec
                  | rCorr}.
 12199 | Lair:3   | 12199 ||| INVOKING Heroism.
 12704 | Lair:3   | 12704 ||| READING 5 scrolls of identify.
 12704 | Lair:3   | 12704 ||| IDENTIFYING fuming coppery potion
 12713 | Lair:3   | 12713 ||| DROPPING potion of ambrosia.
 12727 | Lair:4   | 12727 ||| INVOKING Heroism.
 12804 | Lair:4   | Reached skill level 13 in Axes
 12934 | Lair:4   | Received a gift from Okawaru
 13460 | Lair:4   | 13460 ||| READING 6 scrolls of identify.
 13460 | Lair:4   | 13460 ||| IDENTIFYING dark potion
 13471 | Lair:5   | Entered Level 5 of the Lair of Beasts
 13472 | Lair:5   | 13472 ||| INVOKING Heroism.
 13542 | Lair:5   | 13542 ||| Stepping ~*~*~tactically~*~*~ (stealth).
 13620 | Lair:5   | Identified the +0 ring mail "Hero's Friend" {*Slow Will++
                  | Str+4} (Okawaru gifted it to you on level 5 of the Lair of
                  | Beasts)
 13620 | Lair:5   | Received a gift from Okawaru
 13670 | Lair:5   | 13670 ||| Stepping ~*~*~tactically~*~*~ (stealth).
 13671 | Lair:5   | 13671 ||| Stepping ~*~*~tactically~*~*~ (stealth).
 13699 | Lair:5   | 13699 ||| Stepping ~*~*~tactically~*~*~ (stealth).
 13741 | Lair:5   | 13741 ||| INVOKING Heroism.
 13742 | Lair:5   | 13742 ||| INVOKING Finesse.
 13746 | Lair:5   | 13746 ||| SWAPPING to +0 morningstar.
 13756 | Lair:5   | 13756 ||| SWAPPING to +6 war axe "Caxaerome" {drain, rElec
                  | rCorr}.
 13768 | Lair:5   | 13768 ||| Stepping ~*~*~tactically~*~*~ (stealth).
 13808 | Lair:5   | 13808 ||| Stepping ~*~*~tactically~*~*~ (stealth).
 13825 | Lair:5   | 13825 ||| Stepping ~*~*~tactically~*~*~ (stealth).
 13839 | Lair:5   | Gained mutation: Your large and strong wings let you fly.
                  | [Gargoyle growth]
 13839 | Lair:5   | Reached XP level 14. HP: 79/88 MP: 21/21
 13871 | Lair:5   | 13871 ||| Stepping ~*~*~tactically~*~*~ (stealth).
 13884 | Lair:5   | 13884 ||| Stepping ~*~*~tactically~*~*~ (stealth).
 13896 | Lair:5   | 13896 ||| Stepping ~*~*~tactically~*~*~ (stealth).
 13904 | Lair:5   | 13904 ||| INVOKING Heroism.
 13921 | Lair:5   | Reached skill level 14 in Axes
 13928 | Lair:5   | 13928 ||| INVOKING Finesse.
 14023 | Lair:5   | 14023 ||| INVOKING Heroism.
 14024 | Lair:5   | 14024 ||| INVOKING Finesse.
 14028 | Lair:5   | 14028 ||| SWAPPING to +0 morningstar.
 14033 | Lair:5   | 14033 ||| SWAPPING to +6 war axe "Caxaerome" {drain, rElec
                  | rCorr}.
 14141 | Lair:5   | Found a staircase to the Slime Pits.
 14142 | Lair:5   | 14142 ||| INVOKING Heroism.
 14260 | Lair:5   | 14260 ||| INVOKING Heroism.
 14265 | Lair:5   | 14265 ||| SWAPPING to +0 morningstar.
 14275 | Lair:5   | 14275 ||| SWAPPING to +6 war axe "Caxaerome" {drain, rElec
                  | rCorr}.
 14316 | Lair:5   | 14316 ||| Stepping ~*~*~tactically~*~*~ (stealth).
 14339 | Lair:5   | 14339 ||| Stepping ~*~*~tactically~*~*~ (stealth).
 14352 | Lair:5   | Reached skill level 12 in Shields
 14392 | Lair:5   | 14392 ||| Stepping ~*~*~tactically~*~*~ (stealth).
 14609 | Lair:5   | Received a gift from Okawaru
 14615 | Lair:5   | 14615 ||| INVOKING Heroism.
 14616 | Lair:5   | 14616 ||| INVOKING Finesse.
 14742 | Lair:5   | 14742 ||| Stepping ~*~*~tactically~*~*~ (stealth).
 14744 | Lair:5   | 14744 ||| INVOKING Heroism.
 14779 | Lair:5   | 14779 ||| Stepping randomly (disturbance).
 14959 | Lair:5   | 14959 ||| Stepping ~*~*~tactically~*~*~ (hiding).
 14960 | Lair:5   | 14960 ||| Stepping ~*~*~tactically~*~*~ (hiding).
 15195 | Lair:5   | 15195 ||| INVOKING Heroism.
 15212 | Lair:5   | 15212 ||| Stepping ~*~*~tactically~*~*~ (cloud).
 15213 | Lair:5   | 15213 ||| Stepping ~*~*~tactically~*~*~ (hiding).
 15222 | Lair:5   | Reached skill level 15 in Axes
 15439 | Lair:5   | 15439 ||| PLANNING D:1-11
 15439 | Lair:5   | 15439 ||| UPGRADING to +6 ring of strength.
 15441 | Lair:5   | 15441 ||| UPGRADING to +4 ring of protection.
 15443 | Lair:5   | 15443 ||| READING 6 scrolls of identify.
 15443 | Lair:5   | 15443 ||| IDENTIFYING lumpy inky potion
 15666 | D:10     | Entered Level 10 of the Dungeon
 15808 | D:10     | 15808 ||| Stepping ~*~*~tactically~*~*~ (stealth).
 15815 | D:10     | 15815 ||| Stepping ~*~*~tactically~*~*~ (stealth).
 16114 | D:10     | 16114 ||| Stepping ~*~*~tactically~*~*~ (hiding).
 16124 | D:10     | 16124 ||| Stepping ~*~*~tactically~*~*~ (hiding).
 16348 | D:10     | 16348 ||| READING 6 scrolls of identify.
 16348 | D:10     | 16348 ||| IDENTIFYING viscous silvery potion
 16377 | D:11     | Identified the +0 pair of boots of Trial and Error {rElec
                  | rC++ Int-4 Stlth+} (Okawaru gifted it to you on level 11 of
                  | the Dungeon)
 16377 | D:11     | Received a gift from Okawaru
 16388 | D:11     | 16388 ||| STAIRDANCE
 16474 | D:11     | 16474 ||| Stepping ~*~*~tactically~*~*~ (hiding).
 16638 | D:11     | 16638 ||| Stepping ~*~*~tactically~*~*~ (hiding).
 16670 | D:11     | Found a staircase to the Orcish Mines.
 16671 | D:11     | 16671 ||| Stepping ~*~*~tactically~*~*~ (stealth).
 17078 | D:11     | Identified the +6 spear "Zempuad" {freeze, Fly MP-9 Str-2
                  | Stlth+}
 17163 | D:11     | 17163 ||| PLANNING D
 17163 | D:11     | 17163 ||| UPGRADING to +0 pair of boots of Trial and Error
                  | {rElec rC++ Int-4 Stlth+}.
 17173 | D:11     | 17173 ||| DROPPING +1 hat.
 17174 | D:11     | 17174 ||| READING scroll labelled VAAMIS OLUOQU.
 17307 | D:12     | Found a transporter.
 17339 | D:12     | 17339 ||| INVOKING Heroism.
 17340 | D:12     | 17340 ||| INVOKING Finesse.
 17355 | D:12     | Reached XP level 15. HP: 95/95 MP: 15/22
 17442 | D:12     | Found a transporter.
 17445 | D:12     | 17445 ||| READING scroll of enchant armour.
 17445 | D:12     | 17445 ||| ENCHANTING +1 helmet.
 17451 | D:12     | Found a runed translucent gate.
 17451 | D:12     | Found a runed translucent gate.
 17451 | D:12     | Found a runed translucent gate.
 17501 | D:12     | 17501 ||| Stepping ~*~*~tactically~*~*~ (hiding).
 17539 | D:12     | Noticed Fannar
 17540 | D:12     | 17540 ||| Stepping ~*~*~tactically~*~*~ (hiding).
 17541 | D:12     | 17541 ||| Stepping ~*~*~tactically~*~*~ (hiding).
 17557 | D:12     | Killed Fannar
 17558 | D:12     | Reached skill level 12 in Fighting
 17662 | D:12     | Noticed Anyutwal's ghost (journeyman HOFi)
 18038 | D:12     | 18038 ||| READING scroll of enchant armour.
 18038 | D:12     | 18038 ||| ENCHANTING +0 cloak.
 18325 | D:13     | 18325 ||| Stepping ~*~*~tactically~*~*~ (hiding).
 18331 | D:13     | 18331 ||| Stepping ~*~*~tactically~*~*~ (hiding).
 18422 | D:13     | Noticed Nessos
 18423 | D:13     | 18423 ||| INVOKING Finesse.
 18433 | D:13     | 18433 ||| Stepping ~*~*~tactically~*~*~ (hiding).
 18433 | D:13     | Noticed Snorg
 18437 | D:13     | 18437 ||| INVOKING Heroism.
 18444 | D:13     | Killed Snorg
 18463 | D:13     | Killed Nessos
 18624 | D:13     | Found a bloodstained altar of Trog.
 18636 | D:13     | Noticed Urug
 18637 | D:13     | 18637 ||| INVOKING Heroism.
 18645 | D:13     | Killed Urug
 18683 | D:13     | 18683 ||| Stepping randomly (disturbance).
 18879 | D:13     | 18879 ||| Stepping ~*~*~tactically~*~*~ (hiding).
 18880 | D:13     | 18880 ||| Stepping ~*~*~tactically~*~*~ (hiding).
 18881 | D:13     | 18881 ||| Stepping ~*~*~tactically~*~*~ (hiding).
 19048 | D:14     | 19048 ||| Stepping ~*~*~tactically~*~*~ (hiding).
 19049 | D:14     | 19049 ||| Stepping ~*~*~tactically~*~*~ (hiding).
 19064 | D:14     | 19064 ||| INVOKING Heroism.
 19214 | D:14     | 19214 ||| INVOKING Heroism.
 19315 | D:14     | Identified the +5 spear "Sasum" {speed, Drain rPois rCorr}
 19332 | D:14     | 19332 ||| Stepping ~*~*~tactically~*~*~ (stealth).
 19334 | D:14     | 19334 ||| INVOKING Heroism.
 19338 | D:14     | Received a gift from Okawaru
 19339 | D:14     | Reached skill level 16 in Axes
 19364 | D:14     | 19364 ||| Stepping ~*~*~tactically~*~*~ (hiding).
 19367 | D:14     | 19367 ||| Stepping ~*~*~tactically~*~*~ (hiding).
 19379 | D:14     | 19379 ||| DRINKING 5 potions of curing.
 19379 | D:14     | 19379 ||| (to cure confusion)
 19451 | D:14     | 19451 ||| Stepping ~*~*~tactically~*~*~ (hiding).
 19453 | D:14     | 19453 ||| Stepping ~*~*~tactically~*~*~ (hiding).
 19454 | D:14     | 19454 ||| Stepping ~*~*~tactically~*~*~ (hiding).
 19455 | D:14     | 19455 ||| Stepping ~*~*~tactically~*~*~ (hiding).
 19456 | D:14     | 19456 ||| Stepping ~*~*~tactically~*~*~ (hiding).
 19467 | D:14     | 19467 ||| Stepping ~*~*~tactically~*~*~ (hiding).
 19468 | D:14     | 19468 ||| Stepping ~*~*~tactically~*~*~ (hiding).
 19488 | D:14     | 19488 ||| Stepping ~*~*~tactically~*~*~ (hiding).
 19489 | D:14     | 19489 ||| Stepping ~*~*~tactically~*~*~ (hiding).
 19566 | D:14     | 19566 ||| Stepping ~*~*~tactically~*~*~ (hiding).
 19770 | D:14     | Noticed Lodul
 19783 | D:14     | Killed Lodul
 19892 | D:14     | Noticed Josephine
 19901 | D:14     | Killed Josephine
 19901 | D:14     | Identified the +4 ring mail of Polytheism {rElec Int+4}
                  | (Okawaru gifted it to you on level 14 of the Dungeon)
 19901 | D:14     | Received a gift from Okawaru
 19997 | D:14     | Found a gate to the Vaults.
 20051 | D:14     | Found a basalt altar of Yredelemnul.
 20093 | D:14     | 20093 ||| Stepping ~*~*~tactically~*~*~ (hiding).
 20094 | D:14     | 20094 ||| INVOKING Heroism.
 20117 | D:14     | Found Tiblyag's Tremendous Tomes.
 20118 | D:14     | 20118 ||| Stepping ~*~*~tactically~*~*~ (hiding).
 20119 | D:14     | 20119 ||| Stepping ~*~*~tactically~*~*~ (hiding).
 20127 | D:14     | 20127 ||| INVOKING Heroism.
 20236 | D:14     | 20236 ||| INVOKING Heroism.
 20237 | D:14     | 20237 ||| SWAPPING to +0 morningstar.
 20238 | D:14     | 20238 ||| INVOKING Finesse.
 20245 | D:14     | 20245 ||| SWAPPING to +6 war axe "Caxaerome" {drain, rElec
                  | rCorr}.
 20416 | D:15     | Entered Level 15 of the Dungeon
 20416 | D:15     | Noticed Azrael
 20417 | D:15     | 20417 ||| INVOKING Heroism.
 20418 | D:15     | 20418 ||| INVOKING Finesse.
 20428 | D:15     | 20428 ||| STAIRDANCE
 20589 | D:15     | 20589 ||| INVOKING Heroism.
 20590 | D:15     | Killed from afar by Azrael

Levels and vault maps discovered:
D:1:      dpeg_arrival_snail, layout_basic, serial_shops, shop_fountains,
          columned_hall_lemuel, chequers_avenue
D:2:      minmay_inner_zag, layout_rooms, minmay_split_cup_large, uniq_sigmund
D:3:      layout_loops_corners, hellmonk_ecumenical_altar_pennies_from_heaven
D:4:      layout_gridville, kennysheep_decorative_pillar, serial_bayou_crossing,
          uniq_pikel
D:5:      minmay_bubble_buster, layout_basic, amcnicky_altar_gilded,
          nemelex_xobeh_ov_fountains_minmay, kennysheep_mini_moat,
          minmay_temple_entry_tees, sword_in_stone, uniq_grinder
D:6:      minmay_klotski, layout_cave_pools, gammafunk_ghost_necromancy,
          serial_shops, nicolae_shop_real_fake_doors, nicolae_lakefront_shop,
          uniq_prince_ribbit1
D:7:      layout_cave_pools, mainiacjoe_overflow_tiny_flanked,
          mainiacjoe_overflow_24_doors, kiku_gazebo_pond_becter,
          lemuel_crystal_altar, mainiacjoe_overflow_divided_tiny, uniq_menkaure
D:8:      layout_layer_cave, kennysheep_generic_room_15
D:9:      layout_stronghold, hellmonk_lair_entry_icy, hex_tiny,
          hangedman_decor_growths, nicolae_shop_self_help
D:10:     layout_roguey
D:11:     layout_loops_ring, orc_0_dummy, the_hattery
D:12:     gammafunk_cloud_chamber, layout_layer_cave, gammafunk_ghost_icy,
          uniq_fannar
D:13:     layout_basic, trog_three_pillars_becter, uniq_nessos, uniq_snorg,
          uniq_urug
D:14:     layout_basic, hangedman_vaults_entry_quadrant_bands,
          nicolae_shop_i_like_big_books, st_stairs_11,
          lemuel_zombie_altar_yredelemnul, uniq_lodul, uniq_josephine
D:15:     grunt_enter_depths_hoard, layout_long_grid, nicolae_sextant,
          uniq_azrael
Temple:   hellmonk_temple_divided_pantheon
Lair:1:   layout_regular_city, serial_bayou_shore_a
Lair:2:   layout_loops_ring, minmay_shoals_entry_centaurs, minivault_27,
          ldierk_geyser, serial_bayou_shore_b, grunt_megastairs_4,
          lemuel_fruit_fields
Lair:3:   cheibrodos_magma_flow, layout_regular_city, minivault_19
Lair:4:   layout_long_grid, wad_woods_road_06
Lair:5:   minmay_lair_end_enchanted_forest, layout_cave_pods,
          minmay_slime_entry_oklob_open, dreamdust_mushroom_princess,
          bobbens_dragon_lair_wall, serial_bayou_shore_b, lemuel_fruit_fields,
          grunt_megastairs_5, infiniplex_staircase_pool

Skill      XL: |  1  2  3  4  5  6  7  8  9 10 11 12 13 14 15 |
---------------+----------------------------------------------+-----
Axes           | 2 3 5 6 7 8 9 10 11 13 15 16 | 16.0
Fighting       | 4 6 7 8 9 10 11 13 | 13.0
Armour         | 4 5 7 8 9 10 | 10.1
Dodging        | 1 3 4 5 |  5.0
Throwing       | 1 2 3 4 5 |  5.0
Shields        | 6 9 10 11 12 13 | 13.0
Invocations    | 4 7 10 | 10.0

Action                     |  1- 3 |  4- 6 |  7- 9 | 10-12 | 13-15 || total
---------------------------+-------+-------+-------+-------+-------++-------
  Melee: War axe           |    64 |   163 |   230 |   395 |  1095 ||  1947
         Morningstar       |       |       |       |       |    40 ||    40
  Throw: Javelin           |       |       |       |       |     2 ||     2
 Invoke: Heroism           |       |       |     2 |    22 |    27 ||    51
         Finesse           |       |       |       |     2 |     9 ||    11
    Use: Scroll            |     3 |     8 |     6 |     3 |     9 ||    29
         Potion            |     1 |     1 |       |       |     1 ||     3
   Stab: Petrified         |       |       |       |     2 |       ||     2
         Petrifying        |       |       |       |     1 |       ||     1
 Armour: Scale mail        |    29 |    14 |       |       |       ||    43
         Plate armour      |       |   103 |   138 |   139 |       ||   380
         Chain mail        |       |       |       |    35 |   608 ||   643
  Dodge: Dodged            |    30 |    49 |    53 |    93 |   334 ||   559
  Block: Buckler           |     9 |    30 |    27 |       |       ||    66
         Kite shield       |       |       |    27 |   168 |   619 ||   814

Table legend:
 A = Non-vault XP
 B = Vault XP
 C = Vault XP percentage of total XP
 D = Non-vault monster count
 E = Vault monster count
 F = Vault count percentage of total count
                 A         B        C        D         E       F
            +---------+---------+-------+---------+---------+-------
      Total |   79508 |   41823 |  34.5 |     404 |     190 |  32.0
            +---------+---------+-------+---------+---------+-------
        D:1 |      36 |     239 |  86.9 |      20 |       1 |   4.8
        D:2 |     109 |      38 |  25.9 |      21 |      11 |  34.4
        D:3 |      31 |       0 |   0.0 |      11 |       0 |   0.0
        D:4 |     315 |     593 |  65.3 |      28 |       1 |   3.4
        D:5 |     414 |    1338 |  76.4 |       9 |      17 |  65.4
        D:6 |     492 |    3149 |  86.5 |      10 |      15 |  60.0
        D:7 |     903 |       0 |   0.0 |      20 |       0 |   0.0
        D:8 |    4792 |     168 |   3.4 |      33 |       2 |   5.7
        D:9 |    1621 |    1618 |  50.0 |      18 |       8 |  30.8
       D:10 |    3768 |       0 |   0.0 |      25 |       0 |   0.0
       D:11 |    4520 |     220 |   4.6 |      23 |       1 |   4.2
       D:12 |    6781 |     894 |  11.6 |      19 |       1 |   5.0
       D:13 |    5286 |    2769 |  34.4 |      13 |       3 |  18.8
       D:14 |    9270 |   10828 |  53.9 |      23 |      35 |  60.3
       D:15 |       0 |     879 | 100.0 |       0 |       5 | 100.0
     Lair:1 |   10179 |       0 |   0.0 |      32 |       0 |   0.0
     Lair:2 |    8839 |    1172 |  11.7 |      27 |       7 |  20.6
     Lair:3 |    5271 |    1118 |  17.5 |      16 |       7 |  30.4
     Lair:4 |    5449 |       0 |   0.0 |      18 |       0 |   0.0
     Lair:5 |   11432 |   16800 |  59.5 |      38 |      76 |  66.7
            +---------+---------+-------+---------+---------+-------
